 Dungeon Crawl Stone Soup version 0.24.0-125-gc4c63601f3 (webtiles) character file.

Game seed: 4911858498923306012, levelgen mode: deterministic

227 Mehrunes the Magician (level 5, 0/28 HPs)
             Began as a Deep Elf Fire Elementalist on Mar 16, 2020.
             Slain by an orc priest
             ... wielding a +0 whip
              (7 damage)
             ... on level 3 of the Dungeon.
             The game lasted 00:08:21 (2989 turns).

Mehrunes the Magician (Deep Elf Fire Elementalist)  Turns: 2989, Time: 00:08:22

Health: 0/28       AC:  5    Str:  5    XL:     5   Next: 70%
Magic:  0/14       EV: 12    Int: 21    God:
Gold:   179        SH:  3    Dex: 15    Spells: 1/14 levels left

rFire    . . .     SeeInvis .   k - +0 dagger (elec)
rCold    . . .     Gourm    .   m - +0 buckler (curse)
rNeg     . . .     Faith    .   a - +0 robe
rPois    .         Spirit   .   l - +0 helmet
rElec    .         Reflect  .   d - +1 cloak
rCorr    .         Harm     .   (no gloves)
MR       .....                  (no boots)
Stlth    ++........             (no amulet)
HPRegen  0.09/turn              (no ring)
MPRegen  0.14/turn              (no ring)

@: very slightly contaminated
A: no striking features
a: no special abilities


You were on level 3 of the Dungeon.
You were not hungry.

You visited 1 branch of the dungeon, and saw 3 of its levels.

You collected 179 gold pieces.

Inventory:

Hand Weapons
 f - a +0 dagger
 k - a +0 dagger of electrocution (weapon)
 n - a +1 mace of holy wrath
Armour
 a - a +0 robe (worn)
 d - a +1 cloak (worn)
 l - a +0 helmet (worn)
 m - a cursed +0 buckler (worn)
Wands
 g - a wand of random effects (6)
Scrolls
 b - a scroll of enchant armour
 e - 3 scrolls of identify
 h - a scroll of fog {unknown}
 o - 3 scrolls of remove curse {unknown}
 p - a scroll of teleportation {unknown}
Potions
 i - a potion of cancellation {unknown}
 j - a potion of curing
 r - 2 potions of heal wounds {unknown}
 s - a potion of agility {unknown}
 t - a potion of lignification {unknown}
Comestibles
 c - 7 rations


   Skills:
 - Level 2.4 Dodging
 - Level 2.4 Stealth
 + Level 5.1 Spellcasting
 * Level 4.3 Conjurations
 * Level 4.4 Fire Magic


You had one spell level left.
You knew the following spells:

 Your Spells              Type           Power        Failure   Level  Hunger
a - Flame Tongue          Conj/Fire      ###..        3%          1    None
b - Conjure Flame         Conj/Fire      ###.....     9%          3    ##.....
c - Sticky Flame          Conj/Fire      ###.....     30%         4    ####...
d - Fireball              Conj/Fire      ###.......   63%         5    #####..

Your spell library contained the following spells:

 Spells                   Type           Power        Failure   Level  Hunger
 Throw Flame              Conj/Fire      ###...       4%          2    None
 Inner Flame              Hex/Fire       ##......     22%         3    ##.....


Dungeon Overview and Level Annotations

Branches:
Dungeon (3/15)

Altars:
Trog
Beogh

Annotations:
D:3 3 runed translucent doors, Tartanist's ghost, weakling OpWz


Message History

The orc priest is almost dead.
The orc priest closely misses you.
Casting: Flame Tongue (safe; 3% risk of failure)
Confirm with . or Enter, or press ? or * to list all spells.
Aiming: Flame Tongue (safe; 3% risk of failure)
Press: ? - help, Shift-Dir - straight line, f/p - orc priest
Aim: an orc priest, wielding a +0 whip and wearing a +3 leather armour (almost dead)
The flame tongue misses the orc priest.
The flame tongue hits the orc wizard!
You kill the orc wizard!
The orc priest hits you with a +0 whip.
* * * LOW HITPOINT WARNING * * *
Casting: Flame Tongue (safe; 3% risk of failure)
Confirm with . or Enter, or press ? or * to list all spells.
Aiming: Flame Tongue (safe; 3% risk of failure)
Press: ? - help, Shift-Dir - straight line, f/p - orc priest
Aim: an orc priest, wielding a +0 whip and wearing a +3 leather armour (almost dead)
The flame tongue hits the orc priest but does no damage.
The orc priest is almost dead.
The orc priest hits you with a +0 whip!
You die...

#####
#.#####.#
#...###
###...#.##
#†<...###...>
#..#
#...........
##.#
###....⌠...
#.# ##...†.
##.# #.o.#
#..# #o##
#.## #@# #.#
#.# #.# #.#
#.# #.# #.#
#.# #.# #.#
#.# #.# #.#
#.#######.#
#.........#


You could see an orc priest and an orc.

Vanquished Creatures
  A centaur skeleton (D:3)
  An orc wizard (D:3)
  A worker ant (D:3)
  3 gnolls
  4 adders
  An ooze (D:3)
  A dart slug (D:3)
  5 leopard geckos
  An orc (D:3)
  6 bats
  3 giant cockroaches
  6 goblins
  9 hobgoblins
  4 jackals
  11 kobolds
  A quokka (D:3)
  A ball python (D:2)
  5 frilled lizards
  5 rats
69 creatures vanquished.

Notes
Turn   | Place    | Note
-------+----------+-------------------------------------------
     0 | D:1      | Mehrunes the Deep Elf Fire Elementalist began the quest for
                  | the Orb.
     0 | D:1      | Reached XP level 1. HP: 10/10 MP: 6/6
   446 | D:1      | Reached XP level 2. HP: 15/15 MP: 5/8
  1138 | D:2      | Reached XP level 3. HP: 19/19 MP: 5/10
  1379 | D:2      | Reached skill level 4 in Spellcasting
  1970 | D:3      | Reached XP level 4. HP: 24/24 MP: 9/12
  2273 | D:2      | Reached XP level 5. HP: 22/28 MP: 4/14
  2342 | D:2      | Learned a level 3 spell: Conjure Flame
  2347 | D:2      | Learned a level 4 spell: Sticky Flame
  2353 | D:2      | Learned a level 5 spell: Fireball
  2721 | D:3      | Reached skill level 5 in Spellcasting
  2805 | D:3      | Found a runed translucent gate.
  2807 | D:3      | Found a runed translucent gate.
  2808 | D:3      | Found a runed translucent gate.
  2814 | D:3      | Noticed Tartanist's ghost (weakling OpWz)
  2824 | D:3      | Identified the +2 ring mail "Boidow" {+Inv rElec rPois
                  | Int+4}
  2830 | D:3      | Found a roughly hewn altar of Beogh.
  2885 | D:3      | Found a bloodstained altar of Trog.
  2989 | D:3      | Slain by an orc priest

Levels and vault maps discovered:
D:1:      minmay_arrival_widening_spiral_wide, layout_loops_cross
D:2:      layout_loops_ring, first_ration
D:3:      layout_rooms, lemuel_coloured_pillars_altar,
          biasface_ghost_orc_armoury, grunt_ministairs_12,
          uniq_crazy_yiuf_cottage

Skill      XL: |  1  2  3  4  5 |
---------------+----------------+-----
Conjurations   | 2 3 4 |  4.3
Spellcasting   | 4 5 |  5.1
Fire Magic     | 4 |  4.4
Dodging        | |  2.4
Stealth        | |  2.4

Action                   |  1- 3 |  4- 6 || total
-------------------------+-------+-------++-------
 Cast: Flame Tongue      |    73 |    71 ||   144
  Use: Scroll            |     4 |       ||     4
  Eat: Chunk             |     3 |     3 ||     6
Armor: Robe              |     5 |    12 ||    17
Dodge: Dodged            |    24 |    16 ||    40
Block: Buckler           |     4 |     9 ||    13
